 Dungeon Crawl Stone Soup version 0.14-a0-2124-ga163777 (webtiles) character file.

54 4tharraofdagon the Ruinous (level 3, 2/19 HPs)
             Began as a Vine Stalker Wanderer on Jan 27, 2014.
             Was an Initiate of Vehumet.
             Quit the game on Level 3 of the Dungeon.
             The game lasted 00:02:38 (360 turns).

4tharraofdagon the Ruinous (Vine Stalker Wanderer)   Turns: 360, Time: 00:02:39

HP   2/19        AC  2     Str 17      XL: 3   Next:  2%
MP   2/7         EV 11     Int 11      God: Vehumet [......]
Gold 30          SH  0     Dex 12      Spells:  1 memorised,  4 levels left

rFire  . . .     SeeInvis .     f - +0 short sword (freeze)
rCold  . . .     Clarity  .     b - +0 robe
rNeg   . . .     Conserve .     (no shield)
rPois  .         rCorr    .     (no helmet)
rElec  .         rRot     +     (no cloak)
SustAb . .       Spirit   +     (no gloves)
rMut   .         Warding  .     (no boots)
Saprov . . .     Stasis   .     (no amulet)
MR     .....                    (no ring)
                                (no ring)

@: mildly poisoned, not resistant to hostile enchantments, unstealthy
A: fangs 2, regeneration 1, magic shield, antimagic bite, no device heal
a: Renounce Religion


You were on level 3 of the Dungeon.
You worshipped Vehumet.
Vehumet was noncommittal.
You were not hungry.

You visited 1 branch of the dungeon, and saw 3 of its levels.

You collected 30 gold pieces.

Inventory:

Hand weapons
 c - a +0,+0 club
 f - a +0,+0 short sword of freezing (weapon)
Missiles
 j - 6 poisoned darts (quivered)
Armour
 b - a +0 robe (worn)
Comestibles
 d - 2 bread rations
 g - a meat ration
Scrolls
 e - 2 scrolls of identify {unknown}
 h - a scroll of teleportation
 i - a scroll of curse jewellery {unknown}
 l - a scroll of remove curse {unknown}
 m - a scroll of random uselessness {unknown}
 n - a scroll of enchant weapon I {unknown}
Potions
 k - a potion of curing {unknown}
Books
 a - a book of Air

   Spells                             Type                      Level
   *Shock                             Conjuration/Air              1
   Swiftness                          Charms/Air                   2
   Repel Missiles                     Charms/Air                   2
   Flight                             Charms/Air                   3
   Static Discharge                   Conjuration/Air              3
   Lightning Bolt                     Conjuration/Air              5


   Skills:
 + Level 2.9 Fighting
 + Level 1.9 Spellcasting
 - Level 3.0 Conjurations
 * Level 2.0 Air Magic
   Level 1.7 Evocations


You had 4 spell levels left.
You knew the following spells:

 Your Spells              Type           Power        Failure   Level  Hunger
a - Shock                 Conj/Air       #...         14%         1    ##.....


Dungeon Overview and Level Annotations

Branches:
Dungeon (3/16)

Altars:
Nemelex Xobeh
Vehumet

Annotations:
D:3 Moksha's ghost, average DsCj


Innate Abilities, Weirdness & Mutations

You have extremely sharp teeth.
Your natural rate of healing is unusually fast.
When hurt, damage is shared between your health and your magic reserves.
Your bite disrupts and absorbs the magic of your enemies.
Potions and wands cannot restore your HP.


Message History

You bite Moksha's ghost, but do no damage.
Moksha's ghost is moderately damaged.
Moksha's ghost hits you.
You are more poisoned.
You hit Moksha's ghost. You freeze Moksha's ghost.
Moksha's ghost is heavily damaged.
Moksha's ghost points at you and mumbles some strange words.
The magic dart hits you!
* * * LOW HITPOINT WARNING * * *
You barely miss Moksha's ghost.
Moksha's ghost is heavily damaged.
* * * LOW HITPOINT WARNING * * *
You feel sick.
Energy condenses in front of Moksha's ghost, but quickly dissipates.
Moksha's ghost casts a spell at you. The magic dart hits you!
* * * LOW HITPOINT WARNING * * *
Drink which item? (? for menu, Esc to quit)
Okay, then.
Are you sure you want to abandon this character and quit the game? (Confirm with "yes".)

#....########.......
#..%.p..............
#....########w......
#....# .#### ##'### #
#...# ###.# #p#
#####@##### ##+####
#.........# #.......
#.......).###........
#.........#.+........#
#.........#.#........#
#.........#.#........#
#..........)#........#
#....................#
#.#######..#.).#..###


You could see Moksha's ghost.

Vanquished Creatures
  An adder (D:3)
  An ooze (D:3)
  An orc (D:3)
  A hobgoblin (D:3)
  3 jackals (D:3)
  A bat (D:3)
  2 goblins
  2 kobolds
  4 rats (D:3)
16 creatures vanquished.

Notes
Turn   | Place    | Note
--------------------------------------------------------------
     0 | D:1      | 4tharraofdagon, the Vine Stalker Wanderer, began the quest for the Orb.
     0 | D:1      | Reached XP level 1. HP: 11/11 MP: 3/3
   173 | D:3      | Found a sparkling altar of Nemelex Xobeh.
   186 | D:3      | Reached XP level 2. HP: 5/16 MP: 5/5
   247 | D:3      | Found a radiant altar of Vehumet.
   269 | D:3      | Became a worshipper of Vehumet
   274 | D:3      | Reached XP level 3. HP: 15/19 MP: 7/7
   301 | D:3      | Noticed Moksha's ghost (average DsCj)
   360 | D:3      | Quit the game

Action                   || total
-------------------------++-------
Melee: Short sword       ||    31
 Cast: Shock             ||     5
